 Dungeon Crawl Stone Soup version 0.30-a0-360-g447f08457e (webtiles) character file.

Game seed: 9001827946685142864

27349 Kabadvaildir the Fighter (level 13, -1/119 HPs)
             Began as a Minotaur Fighter on Nov 13, 2022.
             Was the Champion of Okawaru.
             Killed from afar by a deep elf zephyrmancer (28 damage)
             ... with a bolt of lightning
             ... on level 13 of the Dungeon.
             The game lasted 00:22:32 (12087 turns).

Kabadvaildir the Fighter (Minotaur Fighter)        Turns: 12087, Time: 00:22:33

Health: -1/119     AC: 16    Str: 26    XL:     13   Next: 3%
Magic:  12/12      EV: 21    Int:  3    God:    Okawaru [******]
Gold:   292        SH:  6    Dex:  8    Spells: 12/12 levels left

rFire   + . .      SeeInvis .    b - +4 broad axe (drain)
rCold   . . .      Faith    .    c - +0 buckler
rNeg    . . .      Spirit   .    A - +1 scale mail "Diduciash" {rPois rF+ Stlth+}
rPois   +          Reflect  .    G - +1 hat {Will+}
rElec   .          Harm     .    x - +0 cloak
rCorr   .          Rampage  .    q - +2 pair of gloves
Will    ++...      Rnd*Tele +    (no boots)
Stlth   +.........               (no amulet)
HPRegen 0.39/turn                s - +4 ring of evasion
MPRegen 0.13/turn                F - +4 ring of evasion

@: on fire, glowing
A: horns 2, retaliatory headbutt, clumsy 1, dopey 1, strong-willed 1,
teleportitis 1, MP-powered wands
a: Renounce Religion, Heroism, Finesse, Duel


You were on level 13 of the Dungeon.
You worshipped Okawaru.
Okawaru was exalted by your worship.
You visited 2 branches of the dungeon, and saw 14 of its levels.
You also visited: Sewer.

You collected 992 gold pieces.
You spent 700 gold pieces at shops.

Inventory:

Hand Weapons
 b - a +4 broad axe of draining (weapon)
 w - a +2 war axe of flaming
Armour
 a - the +2 tower shield of Egyh {rN++ Str+4}
   (Okawaru gifted it to you on level 13 of the Dungeon)

   Str:       It affects your strength (+4).
   rN:        It greatly protects you from negative energy.
 c - a +0 buckler (worn)
 q - a +2 pair of gloves (worn)
 x - a +0 cloak (worn)
 A - the +1 scale mail "Diduciash" (worn) {rPois rF+ Stlth+}
   (You found it on level 7 of the Dungeon)

   rF:        It protects you from fire.
   rPois:     It protects you from poison.
   Stlth:     It makes you more stealthy.
 G - a +1 hat of willpower (worn)
Jewellery
 s - a +4 ring of evasion (left hand)
 D - a ring of protection from fire
 E - a ring of flight
 F - a +4 ring of evasion (right hand)
Wands
 i - a wand of flame (87)
 r - a wand of roots (11)
Scrolls
 l - 8 scrolls of teleportation
 m - 7 scrolls of identify
 n - 3 scrolls of blinking
 p - 2 scrolls of magic mapping
 y - a scroll of immolation
 z - a scroll of amnesia
Potions
 d - 4 potions of might
 f - a potion of resistance
 g - 3 potions of heal wounds
 h - 4 potions of haste
 j - 2 potions of invisibility
 k - a potion of flight
 o - 5 potions of attraction
 t - 2 potions of ambrosia
 u - 5 potions of curing
 v - 3 potions of lignification
 B - 2 potions of magic
 C - 2 potions of brilliance


   Skills:
 + Level 12.5 Fighting
 + Level 12.2 Axes
 + Level 12.5 Armour
 + Level 10.9 Dodging
 + Level 12.4 Shields


You had 12 spell levels left.
You didn't know any spells.
Your spell library contained the following spells:

 Spells                   Type           Power      Damage    Failure   Level
 Magic Dart               Conj           0%         1d3       80%         1
 Sandblast                Erth           0%         2d4       80%         1
 Cigotuvi's Dreadful Rot  Necr/Pois/Air  0%         N/A       90%         2
 Passwall                 Tmut/Erth      0%         N/A       90%         2
 Poisonous Vapours        Pois/Air       0%         N/A       90%         2
 Ignite Poison            Fire/Tmut/Pois 0%         N/A       99%         3
 Kindle Blastsparks       Fire/Tloc/Air  0%         2d10      99%         3
 Mephitic Cloud           Conj/Pois/Air  0%         N/A       99%         3
 Ozocubu's Armour         Ice            0%         N/A       99%         3
 Stone Arrow              Conj/Erth      0%         3d7       99%         3
 Airstrike                Air            0%         2d(0-16)  100%        4
 Manifold Assault         Tloc           0%         N/A       100%        4
 Agony                    Necr           0%         N/A       100%        5
 Lightning Bolt           Conj/Air       0%         1d11      100%        5
 Metabolic Englaciation   Hex/Ice        0%         N/A       100%        5
 Dispersal                Tloc           0%         N/A       100%        6
 Storm Form               Tmut/Air       0%         N/A       100%        7
 Borgnjor's Revivificati  Necr           0%         N/A       100%        8
 Disjunction              Tloc           0%         N/A       100%        8
 Maxwell's Capacitive Co  Air            0%         ∞         100%        8
 Call Imp                 Summ           Unusable   N/A       N/A         2
 Summon Lightning Spire   Summ/Air       Unusable   N/A       N/A         4
 Simulacrum               Ice/Necr       Unusable   N/A       N/A         6

Dungeon Overview and Level Annotations

Branches:
Dungeon (13/15)            Temple (1/1) D:6            Lair (0/5) D:10
    Orc (0/2) D:9           Sewer (visited)
 Vaults: D:13-14

Altars:
Ashenzari
Cheibriados
Dithmenos
Elyvilon
Fedhas
Gozag
Hepliaklqana
Kikubaaqudgha
Makhleb
Nemelex Xobeh
Okawaru
Qazlal
Ru
Sif Muna
Trog
Uskayaw
Vehumet
Wu Jian
Xom
Yredelemnul
Zin
The Shining One

Shops:
D:2 ?   D:7 *


Innate Abilities, Weirdness & Mutations

You have a pair of horns on your head.
You reflexively headbutt those who attack you in melee.
You are clumsy. (Dex -2)
You are dopey. (Int -2)
You are strong-willed. (Will+)
You are occasionally teleported next to monsters.
You expend magic power (3 MP) to strengthen your wands.


Message History

Unknown command.
You closely miss the deep elf pyromancer.
Your headbutt misses the deep elf pyromancer.
The deep elf pyromancer is moderately wounded.
You slash the ogre!
You kill the ogre!
Okawaru accepts your kill.
The kobold brigand throws a curare-tipped dart.
The curare-tipped dart completely misses you.
You slash the deep elf zephyrmancer! You drain the deep elf zephyrmancer.
You headbutt the deep elf zephyrmancer.
The deep elf zephyrmancer is moderately wounded.
You hit the deep elf pyromancer. You drain the deep elf pyromancer.
You block the deep elf pyromancer's attack.
The deep elf zephyrmancer points at you and mumbles some strange words.
The bolt of lightning misses you.
You slash the deep elf zephyrmancer!
Your headbutt misses the deep elf zephyrmancer.
The deep elf zephyrmancer is almost dead.
You slash the deep elf archer! You drain the deep elf archer.
You closely miss the deep elf pyromancer.
The deep elf pyromancer hits you but does no damage.
The deep elf zephyrmancer points at you and mumbles some strange words.
The bolt of lightning hits you!
* * * LOW HITPOINT WARNING * * *
The deep elf archer unwields a +0 shortbow.
The deep elf archer wields a +0 dagger.
You block the deep elf archer's attack.
Unknown command.
You hit the deep elf zephyrmancer.
Your headbutt misses the deep elf zephyrmancer.
The deep elf zephyrmancer is almost dead.
You miss the deep elf pyromancer. You slash the deep elf archer!
You drain the deep elf archer.
The deep elf pyromancer points at you and mumbles some strange words.
The sticky flame hits you. You resist.
You are covered in liquid flames!
* * * LOW HITPOINT WARNING * * *
The deep elf zephyrmancer casts a spell at you.
The bolt of lightning hits you!!
You die...

#....#...... .....
##......##### # ...
###....# . .# .##
#....# .## .# E #.
##...# #.#..#☼# ##
##....# ##.#..#.##
#. #.....#
.K.○..... ##
##.##.#####e#..#.##
####......@e......
#.....))e......
#######)#..#.##
#.)).......
#..##.#..#.## #.
#.#..# # # .## .# .
.# # #


You could see a deep elf archer (repels missiles, drained), a deep elf
pyromancer (drained), a deep elf zephyrmancer (drained) and a kobold brigand.

Vanquished Creatures
  A yaktaur captain (D:10)
  An ogre mage (D:10)
  2 hydras
  3 centaur warriors
  A boulder beetle (D:13)
  6 two-headed ogres
  Urug (D:13)
  Nergalle (D:10)
  3 skeletal warriors (D:12)
  A deep troll (D:10)
  A deep elf pyromancer (D:12)
  An orc knight (D:13)
  5 manticores
  A cyclops (D:12)
  4 ugly things
  3 unseen horrors (D:12)
  A komodo dragon (D:11)
  A wind drake (shapeshifter) (D:10)
  5 trolls
  A hornet (D:9)
  6 slime creatures
  A wyvern (D:8)
  5 wraiths
  12 yaks
  2 vampires
  An acid dragon (D:10)
  3 water moccasins
  A sky beast (D:7)
  An orc warrior (D:9)
  3 ice beasts
  3 black bears
  3 centaurs
  3 ogres
  A boggart (D:13)
  4 kobold brigands
  8 bullfrogs
  6 scorpions
  4 necrophages
  4 wights (D:7)
  10 killer bees
  3 howler monkeys
  A jelly (D:6)
  Crazy Yiuf (D:6)
  4 hounds
  5 orc priests
  A gnoll bouda (D:6)
  4 iguanas
  7 orc wizards
  4 gnolls
  11 adders
  4 white imps
  4 worms
  5 dart slugs
  44 orcs
  5 bats
  7 endoplasms
  10 giant cockroaches
  10 goblins
  7 hobgoblins
  6 jackals (D:4)
  8 quokkas
  5 ball pythons
  9 frilled lizards
  22 kobolds
  6 rats
317 creatures vanquished.

Vanquished Creatures (others)
  24 fungi (D:10)
  16 plants (D:10)
40 creatures vanquished.

Grand Total: 357 creatures vanquished

Notes
Turn   | Place    | Note
-------+----------+-------------------------------------------
     0 | D:1      | Kabadvaildir the Minotaur Fighter began the quest for the
                  | Orb.
     0 | D:1      | Reached XP level 1. HP: 19/19 MP: 0/0
    45 | D:1      | You fall into a shaft and drop 1 floor!
   130 | D:1      | Reached XP level 2. HP: 16/27 MP: 1/1
   228 | D:1      | Reached skill level 1 in Dodging
   228 | D:1      | Reached XP level 3. HP: 24/33 MP: 2/2
   626 | D:1      | Found a white marble altar of Elyvilon.
   758 | D:2      | Found a faded altar of an unknown god.
   800 | D:2      | Found Xolem's Magic Scroll Shoppe.
   812 | D:2      | Bought a scroll of identify for 22 gold pieces
   943 | D:2      | Gained mutation: You sometimes lose your temper in combat.
                  | [potion of mutation]
   943 | D:2      | Gained mutation: You are dopey. (Int -2) [potion of
                  | mutation]
   943 | D:2      | Gained mutation: You expend magic power (3 MP) to
                  | strengthen your wands. [potion of mutation]
   943 | D:2      | Gained mutation: Your flesh is heat resistant. (rF+)
                  | [potion of mutation]
  1025 | D:2      | Lost mutation: You sometimes lose your temper in combat.
                  | [potion of mutation]
  1025 | D:2      | Lost mutation: You are dopey. (Int -2) [potion of mutation]
  1025 | D:2      | Lost mutation: You expend magic power (3 MP) to strengthen
                  | your wands. [potion of mutation]
  1025 | D:2      | Gained mutation: Your flesh is very heat resistant. (rF++)
                  | [potion of mutation]
  1025 | D:2      | Gained mutation: You have hidden genetic defects. [potion
                  | of mutation]
  1110 | D:2      | Gained mutation: You are frail. (-10% HP) [hidden defects]
  1372 | D:2      | Gained mutation: You have terrible hidden genetic defects.
                  | [hidden defects]
  1372 | D:2      | Lost mutation: You have terrible hidden genetic defects.
                  | [hidden defects expressed]
  1400 | D:2      | Lost mutation: Your flesh is very heat resistant. (rF++)
                  | [potion of mutation]
  1400 | D:2      | Lost mutation: You have hidden genetic defects. [potion of
                  | mutation]
  1400 | D:2      | Gained mutation: You are occasionally teleported next to
                  | monsters. [potion of mutation]
  1400 | D:2      | Gained mutation: You occasionally lose the ability to read
                  | scrolls when taking damage. [potion of mutation]
  1400 | D:2      | Gained mutation: You are dopey. (Int -2) [potion of
                  | mutation]
  1400 | D:2      | Gained mutation: You expend magic power (3 MP) to
                  | strengthen your wands. [potion of mutation]
  1479 | D:3      | Found an ornate altar of the Wu Jian Council.
  1510 | D:3      | Reached XP level 4. HP: 35/36 MP: 3/3
  2193 | D:4      | Reached XP level 5. HP: 42/42 MP: 4/4
  2210 | D:4      | Found a snail-covered altar of Cheibriados.
  2316 | D:4      | Found a glowing golden altar of the Shining One.
  2317 | D:4      | Found a hazy altar of Hepliaklqana.
  2549 | D:4      | Reached XP level 6. HP: 49/49 MP: 5/5
  2558 | D:4      | Reached skill level 5 in Fighting
  2558 | D:4      | Reached skill level 5 in Armour
  2649 | D:4      | Reached skill level 5 in Shields
  2771 | D:5      | Entered Level 5 of the Dungeon
  2771 | D:5      | Found a broken altar of Ashenzari.
  2792 | D:5      | Reached XP level 7. HP: 16/54 MP: 6/6
  2960 | D:5      | Reached skill level 5 in Axes
  3083 | D:5      | Got the Papyrus of the Twisted Blaze
  3174 | D:5      | Found a glowing drain.
  3186 | Sewer    | Entered a sewer
  3399 | Sewer    | Reached XP level 8. HP: 39/63 MP: 7/7
  3795 | D:5      | Noticed a troll
  3986 | D:5      | Found a shimmering altar of Xom.
  4381 | D:6      | Reached skill level 5 in Dodging
  4454 | D:6      | Found a staircase to the Ecumenical Temple.
  4459 | Temple   | Entered the Ecumenical Temple
  4703 | D:6      | Found a runed translucent door.
  4704 | D:6      | Noticed Crazy Yiuf
  4708 | D:6      | Killed Crazy Yiuf
  4884 | D:7      | Reached XP level 9. HP: 54/70 MP: 8/8
  4943 | D:7      | Found a stormy altar of Qazlal.
  5460 | D:7      | Found Godauj's Assorted Antiques.
  5482 | D:7      | Identified the +1 scale mail "Diduciash" {rPois rF+ Stlth+}
  5771 | D:8      | Identified a scroll of acquirement
  5771 | D:8      | Acquired a +4 broad axe of draining
  6030 | D:8      | Found a bloodstained altar of Trog.
  6063 | D:8      | Lost mutation: You occasionally lose the ability to read
                  | scrolls when taking damage. [potion of mutation]
  6063 | D:8      | Lost mutation: You are frail. (-10% HP) [potion of
                  | mutation]
  6063 | D:8      | Gained mutation: You are clumsy. (Dex -2) [potion of
                  | mutation]
  6063 | D:8      | Gained mutation: You are strong-willed. (Will+) [potion of
                  | mutation]
  6063 | D:8      | Lost mutation: Your flesh is heat resistant. (rF+) [potion
                  | of mutation]
  6345 | D:9      | Found a staircase to the Orcish Mines.
  6386 | D:9      | Found an iron altar of Okawaru.
  6392 | D:9      | Became a worshipper of Warmaster Okawaru
  6470 | D:9      | Reached XP level 10. HP: 60/90 MP: 9/9
  6602 | D:7      | Bought a bubbling golden potion for 27 gold pieces
  6602 | D:7      | Bought a potion of curing for 93 gold pieces
  6602 | D:7      | Bought a potion of invisibility for 248 gold pieces
  6602 | D:7      | Bought a glowing iron ring for 155 gold pieces
  6602 | D:7      | Bought a scratched ivory ring for 155 gold pieces
  6658 | D:9      | Found an ancient bone altar of Kikubaaqudgha.
  7263 | D:10     | Entered Level 10 of the Dungeon
  7285 | D:10     | Reached * piety under Okawaru
  7461 | D:10     | Found a sacrificial altar of Ru.
  7506 | D:10     | Found a staircase to the Lair.
  7507 | D:10     | Noticed Nergalle
  7510 | D:10     | Reached ** piety under Okawaru
  7525 | D:10     | Killed Nergalle
  7732 | D:10     | Found a burning altar of Makhleb.
  7833 | D:10     | Noticed a brown ugly thing
  7833 | D:10     | Noticed a centaur warrior
  7833 | D:10     | Noticed a six-headed hydra
  7839 | D:10     | Killed a centaur warrior
  7839 | D:10     | Reached *** piety under Okawaru
  7840 | D:10     | Noticed an ogre mage
  7850 | D:10     | Killed a brown ugly thing
  7854 | D:10     | Killed a three-headed hydra
  7855 | D:10     | Reached XP level 11. HP: 57/99 MP: 10/10
  7863 | D:10     | Reached **** piety under Okawaru
  7864 | D:10     | Reached skill level 10 in Fighting
  7876 | D:10     | Killed an ogre mage
  7877 | D:10     | Reached skill level 10 in Armour
  7877 | D:10     | Reached skill level 10 in Shields
  8096 | D:10     | Noticed a deep troll
  8096 | D:10     | Noticed a yaktaur captain
  8105 | D:10     | Killed a deep troll
  8105 | D:10     | Killed a yaktaur captain
  8491 | D:11     | Noticed a centaur warrior
  8501 | D:11     | Reached skill level 10 in Axes
  8509 | D:11     | Killed a centaur warrior
  8864 | D:11     | Reached ***** piety under Okawaru
  8885 | D:11     | Noticed a two-headed ogre
  8893 | D:11     | Killed a two-headed ogre
  9135 | D:11     | Noticed a purple ugly thing
  9145 | D:11     | Killed a purple ugly thing
  9226 | D:11     | Noticed a two-headed ogre
  9230 | D:11     | Killed a two-headed ogre
  9230 | D:11     | Received a gift from Okawaru
  9620 | D:12     | Noticed a white ugly thing
  9630 | D:12     | Killed a white ugly thing
  9631 | D:12     | Reached XP level 12. HP: 60/110 MP: 11/11
  9652 | D:12     | HP: 5/110 [something (2)]
  9971 | D:12     | Noticed a two-headed ogre
  9976 | D:12     | Killed a two-headed ogre
  9986 | D:12     | Noticed a two-headed ogre
  9990 | D:12     | Killed a two-headed ogre
 10200 | D:12     | Reached skill level 10 in Dodging
 10698 | D:12     | Reached ****** piety under Okawaru
 11112 | D:13     | Noticed a two-headed ogre
 11119 | D:13     | Killed a two-headed ogre
 11122 | D:13     | Noticed a five-headed hydra
 11123 | D:13     | Identified the +2 tower shield of Egyh {rN++ Str+4}
                  | (Okawaru gifted it to you on level 13 of the Dungeon)
 11123 | D:13     | Received a gift from Okawaru
 11363 | D:13     | Killed a two-headed hydra
 11564 | D:13     | Noticed a boulder beetle
 11586 | D:13     | Killed a boulder beetle
 11753 | D:13     | Noticed a centaur warrior
 11767 | D:13     | Killed a centaur warrior
 11993 | D:13     | Noticed Urug
 12002 | D:13     | Killed Urug
 12067 | D:13     | Noticed a four-headed hydra
 12069 | D:13     | Noticed a two-headed ogre
 12076 | D:13     | Reached XP level 13. HP: 76/119 MP: 12/12
 12087 | D:13     | Killed from afar by a deep elf zephyrmancer

Illustrated notes

Levels and vault maps discovered:
D:1:      dpeg_arrival_water_altar, layout_rooms
D:2:      layout_loops_cross, serial_shops, nicolae_diamond_shop,
          hellmonk_ecumenical_altar_leap_of_faith, minmay_joined_circles
D:3:      layout_basic, nicolae_overflow_hidden_temple
D:4:      minmay_razor_zed, layout_rooms, mainiacjoe_overflow_paths,
          mainiacjoe_overflow_divided_tiny, hangedman_abyss_or_decor_stabs
D:5:      layout_basic, ashenzari_altar_1, amcnicky_altar_gilded,
          gup_sewer_entry_pipe, lightli_corner_chamber
D:6:      layout_rooms, minmay_temple_entry_grid, uniq_crazy_yiuf_cottage
D:7:      layout_loops_ring, old_standard_altar, serial_shops,
          nicolae_take_the_stairs
D:8:      layout_cave_pools, trog_book, minivault_25
D:9:      layout_gridville, nicolae_overflow_crystal_walls,
          kennysheep_mini_moat, hiddenorc2_lemuel
D:10:     minmay_shrinking_squares, layout_rooms, nicolae_ru_path_of_blood,
          lightli_temple_of_fire, due_lair_maze_entry_diamond,
          hangedman_decor_lopped, hangedman_decor_growths, uniq_nergalle
D:11:     layout_gridville
D:12:     layout_irregular_city, chequers_serial_rivers_small_b
D:13:     layout_cross, hangedman_vaults_entry_quadrant_bands, uniq_urug
Temple:   hellmonk_temple_micro_hex

Skill      XL: |  1  2  3  4  5  6  7  8  9 10 11 12 |
---------------+-------------------------------------+-----
Fighting       | 4 5 6 7 8 9 11 12 | 12.5
Armour         | 4 5 6 7 8 9 11 12 | 12.5
Dodging        | 1 2 3 4 5 6 8 9 10 | 10.9
Shields        | 4 5 6 7 8 9 11 12 | 12.4
Axes           | 3 4 5 6 8 9 10 12 | 12.2

Action                   |  1- 3 |  4- 6 |  7- 9 | 10-12 | 13-15 || total
-------------------------+-------+-------+-------+-------+-------++-------
Melee: War axe           |    77 |   106 |   213 |    29 |       ||   425
       Headbutt          |     8 |     9 |    46 |    75 |     1 ||   139
       Broad axe         |       |       |    90 |   290 |    11 ||   391
  Use: Scroll            |    11 |     4 |     6 |     5 |       ||    26
       Potion            |     3 |       |     4 |     4 |       ||    11
Armor: Scale mail        |    46 |    53 |   143 |   165 |     5 ||   412
Dodge: Dodged            |    40 |    60 |   205 |   298 |    14 ||   617
Block: Buckler           |    14 |    35 |    87 |   116 |     6 ||   258

Table legend: (Time is in decaauts)
 A = Elapsed time spent in this place.
 B = Non-inter-level travel time spent in this place.
 C = Inter-level travel time spent in this place.
 D = Time resting spent in this place.
 E = Time spent auto-exploring this place.
 F = Levels seen in this place.
 G = Mean time per level.
                   A        B        C        D        E       F      G
               +--------+--------+--------+--------+--------+-----+--------+
         Total |  12404 |  12027 |    377 |    416 |   9257 |  15 |  826.9 |
       Dungeon |  11752 |  11376 |    376 |    416 |   8769 |  13 |  904.0 |
        Temple |      1 |      0 |      1 |      0 |      0 |   1 |    1.0 |
         Sewer |    650 |    650 |      0 |      0 |    487 |   1 |  650.0 |
               +--------+--------+--------+--------+--------+-----+--------+

Top non-repeatable levels by time:
    D:12: 1931 daAuts
     D:9: 1155 daAuts
    D:10: 1094 daAuts
     D:5: 1081 daAuts
    D:11: 950 daAuts
     D:7: 932 daAuts
     D:2: 834 daAuts
    D:13: 747 daAuts
     D:4: 736 daAuts
     D:3: 661 daAuts
   Sewer: 650 daAuts
     D:1: 606 daAuts
     D:8: 526 daAuts
     D:6: 493 daAuts
  Temple: 1 daAuts
